 Dungeon Crawl Stone Soup version 0.28-a0-595-g9f6c0e134a (webtiles) character file.

Game seed: 7123224030029386746

5113 lawman0 the Magician (level 10, -2/80 HPs)
             Began as a Naga Hedge Wizard on Oct 4, 2021.
             Was a Believer of Vehumet.
             Killed from afar by a hell hound (12 damage)
             ... with a blast of flame
             ... on level 1 of the Lair of Beasts.
             The game lasted 00:31:14 (13741 turns).

lawman0 the Magician (Naga Hedge Wizard)           Turns: 13741, Time: 00:31:15

Health: -2/80      AC: 13    Str: 13    XL:     10   Next: 58%
Magic:  28/29      EV: 29    Int: 18    God:    Vehumet [**....]
Gold:   20         SH:  0    Dex: 10    Spells: 9/23 levels left

rFire   . . .      SeeInvis +   h - +1 trident
rCold   . . .      Faith    .   (no shield)
rNeg    . . .      Spirit   .   l - +2 robe {Will+}
rPois   +          Reflect  .   c - +1 hat
rElec   .          Harm     .   G - +1 cloak of Starlight {*Dazzle EV+4 Stlth--}
rCorr   .          Rampage  .   (no gloves)
Will    ++...                   (no barding)
Stlth   +.........              z - amulet of the acrobat
HPRegen 0.23/turn               q - ring of magical power
MPRegen 0.21/turn               C - +4 ring of protection

@: acrobatic, very slow
A: AC +3, large, see invisible, deformed body, poison resistance, slowness 2,
spit poison 1, naga tail 1
a: Spit Poison, Renounce Religion


You were on level 1 of the Lair of Beasts.
You worshipped Vehumet.
Vehumet was pleased with you.
You visited 3 branches of the dungeon, and saw 11 of its levels.
You also visited: Volcano.

You collected 436 gold pieces.
You spent 416 gold pieces at shops.

Inventory:

Hand Weapons
 h - a +1 trident (weapon)
Missiles
 p - 15 poisoned darts
Armour
 c - a +1 hat (worn)
 l - a +2 robe of willpower (worn)
 D - a +1 leather armour of cold resistance
 G - the +1 cloak of Starlight (worn) {*Dazzle EV+4 Stlth--}
   (You found it on level 9 of the Dungeon)

   It may blind those who miss an attack against the wearer in melee combat.
   EV:        It affects your evasion (+4).
   Stlth:     It makes you much less stealthy.
Jewellery
 q - a ring of magical power (left hand)
 z - an amulet of the acrobat (around neck)
 C - a +4 ring of protection (right hand)
Wands
 w - a wand of paralysis (5)
 A - a wand of flame (16)
 F - a wand of mindburst (9)
Scrolls
 d - 2 scrolls of teleportation
 k - 2 scrolls of fear
 m - 2 scrolls of immolation
 n - 5 scrolls of blinking
 s - a scroll of summoning
 u - 2 scrolls of silence
 x - 2 scrolls of enchant weapon
Potions
 a - 3 potions of heal wounds
 b - 3 potions of flight
 e - 2 potions of attraction
 f - 8 potions of curing {unknown}
 g - a potion of degeneration
 i - 2 potions of lignification
 j - a potion of haste
 t - a potion of invisibility
 v - 2 potions of mutation {unknown}
 B - a potion of magic {unknown}
 E - 2 potions of brilliance {unknown}
 H - a potion of might {unknown}


   Skills:
 + Level 2.1 Fighting
 - Level 2.0 Armour
 + Level 2.3 Dodging
 + Level 5.9 Stealth
 + Level 7.0 Spellcasting
 * Level 6.6 Conjurations
 * Level 4.4 Summonings
 * Level 4.6 Translocations
 + Level 2.8 Transmutations
 + Level 3.2 Fire Magic
 * Level 4.8 Air Magic
 + Level 0.1 Earth Magic
 * Level 6.3 Poison Magic
 + Level 0.1 Evocations


You had 9 spell levels left.
You knew the following spells:

 Your Spells              Type           Power      Damage    Failure   Level
a - Magic Dart            Conj           100%       1d8       1%          1
b - Blink                 Tloc           N/A        N/A       2%          2
c - Mephitic Cloud        Conj/Pois/Air  27%        N/A       2%          3
d - Call Imp              Summ           22%        N/A       2%          2
e - Ignite Poison         Fire/Tmut/Pois 21%        N/A       6%          3
g - Stone Arrow           Conj/Erth      36%        3d9       9%          3

Your spell library contained the following spells:

 Spells                   Type           Power      Damage    Failure   Level
 Poisonous Vapours        Pois/Air       52%        N/A       1%          2
 Foxfire                  Conj/Fire      96%        2x1d8     1%          1
 Beastly Appendage        Tmut           32%        N/A       3%          1
 Conjure Flame            Conj/Fire      24%        6-21      4%          3
 Spider Form              Tmut/Pois      11%        N/A       4%          3
 Wereblood                Tmut           16%        N/A       5%          2
 Passwall                 Tmut/Erth      9%         N/A       9%          2
 Pain                     Necr           24%        1d5       11%         1
 Sandblast                Erth           12%        2d6       11%         1
 Slow                     Hex            6%         N/A       16%         2
 Freezing Cloud           Conj/Ice/Air   10%        6-21      52%         5
 Agony                    Necr           6%         N/A       96%         5
 Excruciating Wounds      Necr           3%         N/A       96%         5


Dungeon Overview and Level Annotations

Branches:
Dungeon (9/15)             Temple (1/1) D:4            Lair (1/6) D:9
    Orc (0/2) D:9         Volcano (visited)

Altars:
Ashenzari
Cheibriados
Elyvilon
Fedhas
Hepliaklqana
Kikubaaqudgha
Makhleb
Nemelex Xobeh
Okawaru
Qazlal
Ru
Sif Muna
Trog
Uskayaw
Vehumet
Wu Jian
Xom
Yredelemnul
Zin
The Shining One

Shops:
D:4 *   D:9 *

Annotations:
D:2 1 runed translucent door, Crazy Yiuf


Innate Abilities, Weirdness & Mutations

Your serpentine skin is tough. (AC +3)
You have supernaturally acute eyesight. (SInv)
Armour fits poorly on your strangely shaped body.
Your system is resistant to poisons. (rPois)
You cover ground very slowly.
You can spit poison.
You have a snake-like lower body.


Message History

The hell hound bites you but does no damage.
You are too injured to fight recklessly!
Unknown command.
You are too injured to fight recklessly!
You barely miss the hell hound.
The hell hound is lightly wounded.
The hell hound closely misses you.
The hell hound bites you but does no damage.
The hell hound breathes flames at you. The blast of flame hits you!
* * * LOW HITPOINT WARNING * * *
The hell hound barely misses you. The hell hound misses you.
The hell hound completely misses you. The hell hound breathes flames at you.
The blast of flame hits you!
* * * LOW HITPOINT WARNING * * *
The blast of flame hits the hell hound.
The hell hound completely resists.
The hell hound completely misses you. The hell hound misses you. x2
The hell hound stops to sniff the ground.
The hell hound closely misses you. The hell hound breathes flames at you.
The blast of flame misses you.
Unknown command.
Unknown command.
The hell hound completely misses you. x2; The hell hound misses you.
The hell hound pauses to sniff the ground.
The hell hound closely misses you. The hell hound completely misses you.
The hell hound bites you but does no damage.
Unknown command.
The hell hound breathes flames at you. The blast of flame misses you.
The hell hound breathes flames at you. The blast of flame hits you.
* * * LOW HITPOINT WARNING * * *
Unknown command.
The hell hound misses you. The hell hound breathes flames at you.
The blast of flame hits you!
You die...

...............###***,*#<##,,.#
#......#..#......#######.P##.#*
.......##.#........##........#
#.....##......##..###.....##.#
#...........#####...#.....##.#
#.....##....##.#.#.##........##
#.....*##.####.....##......#..#
......###.##......###.P#.###..#
*,.........##.#.@..##.##..PP.##
,,.........##.h.#####........#
,,.........#..h### #........##
,,.........##....##*#.........#
,,..........##....##.........##
,,..........###..###.........#
,*....##+##..##### ####..##..#
,,,...#......########.####...#
,*,..,#......#..)..#.....#...#


You could see 2 hell hounds.

Vanquished Creatures
  A wizard (D:9)
  Pikel (D:7)
  An orc sorcerer (D:9)
  A cane toad (Lair:1)
  A hornet (D:9)
  Menkaure (D:7)
  2 water moccasins
  3 orc warriors
  3 ice beasts
  A necrophage (D:6)
  A sky beast (D:6)
  2 centaurs
  3 ogres
  A lemure (D:7)
  2 kobold brigands
  2 bullfrogs (D:5)
  A wyvern zombie (D:7)
  2 scorpions
  2 water moccasin zombies (D:6)
  4 howler monkeys
  A centaur zombie (D:9)
  A bullfrog zombie (D:5)
  4 hounds
  2 jellies
  A bullfrog skeleton (D:6)
  4 orc priests (D:9)
  A centaur skeleton (D:7)
  Terence (D:2)
  9 orc wizards
  5 iguanas
  7 gnolls
  2 adders
  2 howler monkey skeletons
  2 shadow imps
  A white imp (D:4)
  5 worms
  2 dart slugs
  28 orcs
  9 endoplasms
  8 giant cockroaches
  6 goblins
  2 hobgoblins (D:1)
  15 jackals
  20 kobolds
  4 quokkas
  6 ball pythons
  4 bats
  6 frilled lizards
  7 rats
200 creatures vanquished.

Vanquished Creatures (collateral kills)
  An orc (D:5)
1 creature vanquished.

Vanquished Creatures (others)
  224 foxfires
  7 fungi
  2 plants (D:9)
233 creatures vanquished.

Grand Total: 434 creatures vanquished

Notes
Turn   | Place    | Note
-------+----------+-------------------------------------------
     0 | D:1      | lawman0 the Naga Hedge Wizard began the quest for the Orb.
     0 | D:1      | Reached XP level 1. HP: 15/15 MP: 4/4
   199 | D:1      | Reached XP level 2. HP: 12/22 MP: 0/6
  1153 | D:1      | Reached XP level 3. HP: 28/28 MP: 7/7
  1224 | D:1      | Found a faded altar of an unknown god.
  2080 | D:2      | Learned a level 2 spell: Blink
  2084 | D:2      | Learned a level 3 spell: Mephitic Cloud
  2087 | D:2      | Learned a level 2 spell: Call Imp
  2326 | D:2      | Noticed Terence
  2336 | D:2      | Killed Terence
  2337 | D:2      | Reached XP level 4. HP: 30/36 MP: 4/9
  2872 | D:2      | Reached skill level 1 in Fighting
  2872 | D:2      | Reached XP level 5. HP: 27/44 MP: 5/10
  3285 | D:2      | Found a runed translucent door.
  3286 | D:2      | Noticed Crazy Yiuf
  5365 | D:4      | Noticed a phantom
  5564 | D:4      | Noticed an ogre
  5571 | D:4      | Found a staircase to the Ecumenical Temple.
  5580 | Temple   | Entered the Ecumenical Temple
  5881 | D:4      | Found Xyipt's General Store.
  5891 | D:4      | Reached skill level 4 in Spellcasting
  5920 | D:4      | Bought a scroll of blinking for 75 gold pieces
  5920 | D:4      | Bought a scroll of identify for 20 gold pieces
  5920 | D:4      | Bought a scroll of identify for 20 gold pieces
  5920 | D:4      | Bought a scroll of identify for 20 gold pieces
  5925 | D:4      | Found a basalt altar of Yredelemnul.
  5926 | D:4      | Found a radiant altar of Vehumet.
  5934 | D:4      | Became a worshipper of Vehumet
  6080 | D:4      | Reached XP level 6. HP: 47/51 MP: 12/12
  6176 | D:4      | Reached skill level 1 in Poison Magic
  6617 | D:5      | Entered Level 5 of the Dungeon
  6633 | D:5      | Reached skill level 1 in Air Magic
  6889 | D:5      | Noticed a +0 short sword
  6889 | D:5      | Noticed a +0 spear
  6890 | D:5      | Noticed a +0 short sword
  6890 | D:5      | Noticed a +0 falchion
  6891 | D:5      | Noticed a +0 dagger
  6891 | D:5      | Noticed a +0 falchion
  6892 | D:5      | Noticed a +0 dagger
  6892 | D:5      | Noticed a +0 spear
  7082 | D:5      | Reached XP level 7. HP: 33/57 MP: 13/13
  7230 | D:5      | Learned a level 3 spell: Ignite Poison
  7372 | D:5      | Found a hide-covered altar of Uskayaw.
  7406 | D:5      | Reached skill level 1 in Armour
  7436 | D:5      | You fall into a shaft and drop 1 floor!
  8250 | D:4      | Bought a scroll of identify for 20 gold pieces
  8250 | D:4      | Bought a scroll of silence for 75 gold pieces
  8308 | D:5      | Reached XP level 8. HP: 59/64 MP: 15/15
  8513 | D:5      | Reached skill level 1 in Transmutations
  8982 | D:6      | Reached * piety under Vehumet
  8982 | D:6      | Offered knowledge of Foxfire by Vehumet.
  8985 | D:6      | Learned a level 1 spell: Foxfire
  9068 | D:6      | Reached skill level 5 in Spellcasting
  9298 | D:6      | Reached skill level 1 in Fire Magic
  9562 | D:6      | Reached skill level 5 in Conjurations
  9609 | D:6      | Found a stormy altar of Qazlal.
  9610 | D:6      | Reached XP level 9. HP: 73/73 MP: 16/16
 10197 | D:7      | Reached skill level 5 in Stealth
 10334 | D:7      | Noticed Pikel
 10345 | D:7      | Killed Pikel
 10346 | D:7      | Reached skill level 5 in Poison Magic
 10435 | D:7      | Found a sacrificial altar of Ru.
 10451 | D:7      | Noticed Menkaure
 10457 | D:7      | Killed Menkaure
 10961 | D:8      | Offered knowledge of Poisonous Vapours by Vehumet.
 10968 | D:8      | Reached ** piety under Vehumet
 11231 | D:8      | Reached skill level 6 in Spellcasting
 11893 | D:9      | Noticed a hornet
 11907 | D:9      | Killed a hornet
 11908 | D:9      | Reached XP level 10. HP: 74/80 MP: 15/19
 12285 | D:9      | Found a staircase to the Lair.
 12423 | D:9      | Found Hob Kuun's Assorted Antiques.
 12434 | D:9      | Found the +1 cloak of Starlight {*Dazzle EV+4 Stlth--}
 12435 | D:9      | Noticed an orc sorcerer
 12629 | D:9      | Found a staircase to the Orcish Mines.
 12824 | D:9      | Found a sparkling altar of Nemelex Xobeh.
 13152 | D:9      | Noticed a wizard
 13163 | D:9      | Bought a jewelled brass wand for 152 gold pieces
 13187 | D:9      | Killed an orc sorcerer
 13253 | D:9      | Killed a wizard
 13318 | D:9      | Bought a fizzy golden potion for 34 gold pieces
 13346 | D:9      | Found a shimmering blue altar of Sif Muna.
 13420 | Lair:1   | Entered Level 1 of the Lair of Beasts
 13431 | Lair:1   | Learned a level 3 spell: Stone Arrow
 13460 | Lair:1   | Reached skill level 7 in Spellcasting
 13461 | Lair:1   | Noticed a cane toad
 13481 | Lair:1   | Killed a cane toad
 13544 | Lair:1   | Found a dark tunnel.
 13717 | Volcano  | Entered a volcano
 13741 | Lair:1   | Killed from afar by a hell hound

Illustrated notes

Levels and vault maps discovered:
D:1:      doesnt_arrival_eight_statues, layout_basic,
          dreamdust_ecumenical_altar_angels_and_demons
D:2:      minmay_razor_zed, layout_basic, uniq_crazy_yiuf_cottage, uniq_terence
D:3:      layout_basic, minivault_14, hex_tiny, grunt_ministairs_12
D:4:      layout_loops_ring, chequers_temple_overflow_statue_of_worship,
          minmay_temple_entry_statues_pillars, serial_shops, nicolae_square_shop
D:5:      layout_basic, nicolae_uskayaw_en_pointe, minmay_misc_feat_tiny,
          dk_rats_in_the_wall
D:6:      layout_cave_pools, nicolae_qazlal_general_emergency
D:7:      layout_layer_cave, overflow_temple_1_default, hex_medium,
          uniq_menkaure, uniq_pikel
D:8:      layout_basic, serial_aquarium, aquarium_bridge_square
          [aquarium_subvault_wall, aquarium_subvault_window,
          aquarium_subvault_bridge, aquarium_subvault_bridge],
          aquarium_bridge_square [aquarium_subvault_window,
          aquarium_subvault_bridge, aquarium_subvault_wall,
          aquarium_subvault_wall], aquarium_window_corner, aquarium_window_1,
          aquarium_window_1, aquarium_view_2a
D:9:      cheibrodos_wizards_tower, layout_long_grid,
          nemelex_spade_bored_becter, mainiacjoe_overflow_alcove_4,
          dpeg_oklobed_lair, hiddenorc2_lemuel, serial_shops,
          kennysheep_mini_moat
Temple:   nicolae_temple_figure_eight
Lair:1:   minmay_lair_oklob_tunnel, layout_regular_city,
          nicolae_volcano_entry_s_turn, grunt_megastairs_4

Skill      XL: |  1  2  3  4  5  6  7  8  9 10 |
---------------+-------------------------------+-----
Conjurations   | 2 3 4 5 6 |  6.6
Fighting       | 1 2 |  2.1
Dodging        | 2 |  2.3
Spellcasting   | 4 5 6 7 |  7.0
Stealth        | 4 5 |  5.9
Poison Magic   | 1 2 4 5 6 |  6.3
Air Magic      | 1 2 3 4 |  4.8
Summonings     | 2 3 4 |  4.4
Translocations | 2 3 4 |  4.6
Armour         | 1 2 |  2.0
Transmutations | 1 2 |  2.8
Fire Magic     | 1 3 |  3.2
Earth Magic    | |  0.1
Evocations     | |  0.1

Action                   |  1- 3 |  4- 6 |  7- 9 | 10-12 || total
-------------------------+-------+-------+-------+-------++-------
Melee: Dagger            |    26 |       |       |       ||    26
       Trident           |     1 |    43 |    41 |    33 ||   118
 Cast: Magic Dart        |    49 |   195 |    78 |    77 ||   399
       Call Imp          |     1 |     4 |     1 |       ||     6
       Blink             |       |     2 |    15 |     1 ||    18
       Mephitic Cloud    |       |     3 |    14 |    10 ||    27
       Ignite Poison     |       |       |    10 |     6 ||    16
       Foxfire           |       |       |   119 |    15 ||   134
       Stone Arrow       |       |       |       |     9 ||     9
 Abil: Spit Poison       |    18 |    14 |    12 |     6 ||    50
Evoke: Wand              |       |       |     1 |    10 ||    11
  Use: Scroll            |       |    11 |     2 |     5 ||    18
       Potion            |       |       |     1 |     1 ||     2
 Stab: Sleeping          |     2 |     1 |     1 |       ||     4
       Confused          |       |     1 |     3 |     2 ||     6
       Paralysed         |       |       |     4 |     8 ||    12
Armor: Robe              |     3 |     4 |       |    18 ||    25
       Leather armour    |       |    14 |    29 |     9 ||    52
       Skin              |       |       |    14 |       ||    14
Dodge: Dodged            |    26 |    50 |    52 |    50 ||   178

Table legend: (Time is in decaauts)
 A = Elapsed time spent in this place.
 B = Non-inter-level travel time spent in this place.
 C = Inter-level travel time spent in this place.
 D = Time resting spent in this place.
 E = Time spent auto-exploring this place.
 F = Levels seen in this place.
 G = Mean time per level.
                   A        B        C        D        E       F      G
               +--------+--------+--------+--------+--------+-----+--------+
         Total |  16545 |  15882 |    663 |   2629 |  11070 |  12 | 1378.8 |
       Dungeon |  15907 |  15258 |    649 |   2461 |  10794 |   9 | 1767.4 |
        Temple |    292 |    278 |     14 |      0 |    276 |   1 |  292.0 |
          Lair |    330 |    330 |      0 |    168 |      0 |   1 |  330.0 |
       Volcano |     14 |     14 |      0 |      0 |      0 |   1 |   14.0 |
               +--------+--------+--------+--------+--------+-----+--------+

Top non-repeatable levels by time:
     D:1: 2420 daAuts
     D:2: 2260 daAuts
     D:5: 2244 daAuts
     D:3: 1911 daAuts
     D:9: 1844 daAuts
     D:7: 1436 daAuts
     D:4: 1399 daAuts
     D:8: 1281 daAuts
     D:6: 1109 daAuts
  Lair:1: 330 daAuts
  Temple: 292 daAuts
 Volcano: 14 daAuts
